 Dungeon Crawl Stone Soup version 0.25.1-2-g60ff931df9 (webtiles) character file.

Game seed: 9501340986786551894

5386 Johnny the Geomancer (level 10, -3/69 HPs)
             Began as a Demigod Earth Elementalist on Oct 20, 2020.
             Slain by a phantom (10 damage)
             ... on level 9 of the Dungeon.
             The game lasted 00:09:20 (11977 turns).

Johnny the Geomancer (Demigod Earth Elementalist)  Turns: 11977, Time: 00:09:21

Health: -3/69      AC:  4    Str: 11    XL:     10   Next: 17%
Magic:  12/25      EV: 16    Int: 25    God:
Gold:   539        SH:  0    Dex: 16    Spells: 11/24 levels left

rFire    . . .     SeeInvis .   u - +2 hand axe (venom)
rCold    . . .     Gourm    .   (no shield)
rNeg     . . .     Faith    +   c - +0 robe
rPois    .         Spirit   .   n - +0 helmet
rElec    .         Reflect  .   g - scarf {harm}
rCorr    .         Harm     +   (no gloves)
MR       +....                  q - +0 pair of boots
Stlth    ++........             A - amulet of faith
HPRegen  0.21/turn              y - +4 ring of evasion
MPRegen  0.19/turn              (no ring)

@: lethally poisoned (-3 -> -4)
A: high mp 1
a: no special abilities


You were on level 9 of the Dungeon.
You were not hungry.

You visited 1 branch of the dungeon, and saw 9 of its levels.
You also visited: Ossuary.

You collected 539 gold pieces.

Inventory:

Hand Weapons
 u - a +2 hand axe of venom (weapon)
Missiles
 b - 16 stones (quivered)
Armour
 c - a +0 robe (worn)
 g - a scarf of harm (worn)
 n - a +0 helmet (worn)
 q - a +0 pair of boots (worn)
 I - a +0 kite shield
Jewellery
 t - an uncursed ring of ice
 y - a +4 ring of evasion (left hand)
 A - an amulet of faith (around neck)
Wands
 h - a wand of flame (15)
 m - a wand of random effects (14)
 J - a wand of digging (6)
Scrolls
 a - 4 scrolls of remove curse
 e - 4 scrolls of enchant armour
 j - 8 scrolls of teleportation
 k - 2 scrolls of amnesia
 o - a scroll of fog
 v - 4 scrolls of noise
 x - 4 scrolls of blinking {unknown}
 z - a scroll of immolation
 G - a scroll of holy word {unknown}
 H - a scroll of magic mapping
 K - a scroll of identify
Potions
 i - 2 potions of stabbing {unknown}
 l - a potion of ambrosia {unknown}
 p - a potion of magic {unknown}
 r - 6 potions of curing {unknown}
 s - 2 potions of lignification {unknown}
 w - a potion of brilliance {unknown}
 B - 2 potions of resistance {unknown}
 C - 2 potions of might {unknown}
 D - a potion of heal wounds {unknown}
 E - a potion of cancellation {unknown}
 F - a potion of haste {unknown}
Comestibles
 d - 13 rations
 L - 4 chunks of flesh


   Skills:
 - Level 1.7 Dodging
 - Level 1.7 Stealth
 + Level 1.8 Shields
 + Level 7.6 Spellcasting
 - Level 0.8 Transmutations
 * Level 11.6 Earth Magic


You had 11 spell levels left.
You knew the following spells:

 Your Spells              Type           Power        Failure   Level  Hunger
a - Sandblast             Erth           ######       1%          1    None
b - Stone Arrow           Conj/Erth      #####.       1%          3    None
c - Lee's Rapid Deconstr  Erth           ######....   1%          5    #####..
d - Petrify               Tmut/Erth      #####...     4%          4    ##.....

Your spell library contained the following spells:

 Spells                   Type           Power        Failure   Level  Hunger
 Passwall                 Tmut/Erth      #####...     1%          2    None


Dungeon Overview and Level Annotations

Branches:
Dungeon (9/15)             Temple (0/1) D:6         Ossuary (visited)
   Lair: D:8-11         Orc: D:9-12

Shops:
D:6 [   D:8 %


Innate Abilities, Weirdness & Mutations

You have an increased reservoir of magic. (+10% MP)


Message History

Casting: Sandblast (safe; 1% risk of failure)
Confirm with . or Enter, or press ? or * to list all spells.
Aiming: Sandblast (safe; 1% risk of failure)
Press: ? - help, Shift-Dir - straight line, f/p - orc warrior
Aim: an orc warrior, wielding a +0 battleaxe and wearing a +0 plate armour (moderately wounded)
The blast of sand hits the orc warrior but does no damage.
The orc warrior is moderately wounded.
b - 16 stones You feel sick.
The phantom hits you.
* * * LOW HITPOINT WARNING * * *
Unknown command.
Unknown command.
Unknown command.
Unknown command.
Unknown command.
Okay, then.
As you read the scroll of fear, it crumbles to dust.
You assume a fearsome visage.
The orc warrior looks frightened!
The phantom is unaffected.
The phantom hits you!
You die...

#........ #..#. #.......
#..#. #....... #..#.
###......# .. #..##
..'......# ..... #....
#...)..# ......#....
'##.....o#####......#..##
..................###'###
.......W@)$.......#....##
.....)............#......
..................#......
........†.†.......####'##
..##########'##.....#..##
. ...........#.....#..#.
...........#...?.#..#.
...........#.....#..#.
...........#.....#..#.


You could see a phantom and an orc warrior (fleeing).

Vanquished Creatures
  Pikel (D:7)
  2 hornets (D:9)
  A wyvern (D:8)
  Edmund (D:4)
  2 orc warriors
  3 ice beasts
  A sky beast (D:5)
  A slave (D:7)
  2 phantoms
  A black bear (D:7)
  A necrophage (D:9)
  3 ogres
  2 centaurs
  2 big kobolds
  4 bullfrogs
  A scorpion (D:8)
  22 killer bees
  5 crimson imps
  3 howler monkeys
  2 jellies (D:8)
  4 hounds
  A quasit (D:5)
  2 bullfrog skeletons
  3 orc priests
  Jessica (D:2)
  An iguana (D:8)
  6 orc wizards
  10 worker ants
  A hound skeleton (D:4)
  13 mummies (Ossuary)
  12 adders
  A shadow imp (D:6)
  An ooze (D:2)
  2 adder skeletons (D:4)
  3 adder zombies
  6 worms
  A dart slug (D:1)
  4 leopard geckos
  27 orcs
  7 bats
  11 giant cockroaches
  14 goblins
  9 hobgoblins
  4 jackals
  21 kobolds
  A quokka (D:6)
  4 ball pythons
  A ball python skeleton (D:4)
  6 frilled lizards
  A gnoll skeleton (Ossuary)
  3 goblin skeletons (Ossuary)
  A jackal skeleton (D:6)
  2 kobold skeletons (Ossuary)
  A leopard gecko skeleton (D:5)
  A leopard gecko zombie (D:5)
  2 orc skeletons (Ossuary)
  5 rats
  11 rat skeletons (Ossuary)
264 creatures vanquished.

Vanquished Creatures (others)
  2 slaves (D:7)
  An orc priest (D:7)
  A worker ant zombie (D:7)
  An orc (D:7)
  3 jackals (D:7)
8 creatures vanquished.

Grand Total: 272 creatures vanquished

Notes
Turn   | Place    | Note
-------+----------+-------------------------------------------
     0 | D:1      | Johnny the Demigod Earth Elementalist began the quest for
                  | the Orb.
     0 | D:1      | Reached XP level 1. HP: 14/14 MP: 5/5
   106 | D:1      | Reached skill level 3 in Earth Magic
   441 | D:1      | Reached XP level 2. HP: 20/20 MP: 7/7
  1093 | D:1      | Reached XP level 3. HP: 26/26 MP: 9/9
  1553 | D:2      | Found a bloodstained altar of Trog.
  2178 | D:2      | Noticed Jessica
  2180 | D:2      | Killed Jessica
  2180 | D:2      | Reached skill level 4 in Earth Magic
  2180 | D:2      | Reached XP level 4. HP: 33/33 MP: 8/10
  2857 | D:3      | Found a sacrificial altar of Ru.
  2907 | D:3      | HP: 1/33 [poisoned by an adder]
  3351 | D:3      | Reached XP level 5. HP: 36/38 MP: 12/12
  3357 | D:3      | Reached skill level 5 in Earth Magic
  3538 | D:3      | Found a shimmering altar of Xom.
  3541 | D:3      | Found a hide-covered altar of Uskayaw.
  3544 | D:3      | Found a blossoming altar of Fedhas.
  3560 | D:3      | Learned a level 3 spell: Stone Arrow
  4335 | D:4      | Reached XP level 6. HP: 43/45 MP: 5/14
  4776 | D:4      | Noticed Edmund
  4784 | D:4      | Killed Edmund
  4784 | D:4      | Reached skill level 6 in Earth Magic
  5529 | D:4      | Reached XP level 7. HP: 41/50 MP: 16/16
  5704 | D:5      | Entered Level 5 of the Dungeon
  6210 | D:5      | Reached skill level 7 in Earth Magic
  6649 | D:5      | Found a basalt altar of Yredelemnul.
  7037 | D:6      | Learned a level 5 spell: Lee's Rapid Deconstruction
  7042 | D:6      | Learned a level 4 spell: Petrify
  7202 | D:6      | Found a staircase to the Ecumenical Temple.
  7209 | D:6      | Reached skill level 5 in Spellcasting
  7209 | D:6      | Reached skill level 8 in Earth Magic
  7209 | D:6      | Reached XP level 8. HP: 27/57 MP: 13/19
  7478 | D:6      | Found Diecaty's Armour Shoppe.
  7711 | D:6      | Found a bloodstained altar of Trog.
  8149 | D:7      | Noticed Pikel
  8164 | D:7      | Killed Pikel
  8164 | D:7      | Reached skill level 9 in Earth Magic
  8860 | D:8      | Found Ateskoa's Food Shop.
  8865 | D:8      | Reached XP level 9. HP: 54/62 MP: 15/22
  8875 | D:8      | Reached skill level 10 in Earth Magic
  9138 | D:8      | Found a sand-covered staircase.
  9149 | Ossuary  | Entered an ossuary
 10214 | D:8      | Found a shattered altar of Ashenzari.
 10334 | D:8      | Reached skill level 11 in Earth Magic
 10635 | D:8      | Found a shimmering blue altar of Sif Muna.
 11315 | D:9      | Paralysed by a hornet for 2 turns
 11319 | D:9      | Reached XP level 10. HP: 26/69 MP: 14/25
 11589 | D:9      | Reached skill level 1 in Shields
 11977 | D:9      | Slain by a phantom

Illustrated notes

Levels and vault maps discovered:
D:1:      minmay_arrival_four_houses, layout_loops_ring
D:2:      layout_basic, lightli_temple_of_fire, uniq_jessica
D:3:      layout_loops_ring, nicolae_ru_great_annihilating_truth,
          grunt_temple_overflow_diamond, grunt_decor_cap
D:4:      layout_gridville, uniq_edmund
D:5:      layout_rooms, kennysheep_little_box, first_ration
D:6:      layout_basic, minmay_temple_entry_grid, serial_shops,
          nicolae_shop_competitors_out_of_business, trog_three_pillars_becter
D:7:      layout_cave_pools, minmay_strange_pillars, uniq_pikel
D:8:      layout_rooms, lemuel_blue_sif_altar, serial_shops, shop,
          lightli_ossuary_entry_decrepit_ruins, ashenzari_altar_1
D:9:      minmay_angry_zag, layout_gridville, basic_altar

Skill      XL: |  1  2  3  4  5  6  7  8  9 10 |
---------------+-------------------------------+-----
Earth Magic    | 3 4 5 6 8 9 11 | 11.6
Spellcasting   | 2 3 4 5 6 7 |  7.6
Shields        | 1 |  1.8
Dodging        | |  1.7
Stealth        | |  1.7
Transmutations | |  0.8

Action                   |  1- 3 |  4- 6 |  7- 9 | 10-12 || total
-------------------------+-------+-------+-------+-------++-------
Melee: Unarmed           |     7 |       |       |       ||     7
       Dagger            |   122 |    16 |       |       ||   138
       Hand axe          |       |   109 |   233 |    19 ||   361
 Cast: Sandblast         |    20 |    42 |    96 |    18 ||   176
       Stone Arrow       |       |       |    17 |     3 ||    20
       Lee's Rapid Decon |       |       |     1 |     2 ||     3
  Use: Scroll            |       |     1 |    12 |     1 ||    14
 Stab: Sleeping          |     5 |    10 |    12 |     1 ||    28
       Distracted        |       |       |     1 |       ||     1
  Eat: Chunk             |     4 |    11 |    15 |     2 ||    32
       Ration            |       |       |     1 |       ||     1
Armor: Robe              |    33 |    33 |    44 |     3 ||   113
Dodge: Dodged            |    89 |    98 |   264 |    26 ||   477
